 Dungeon Crawl Stone Soup version 0.21-a0-582-g1b93aee (webtiles) character file.

114 sithsevirus the Sneak (level 4, -5/30 HPs)
             Began as a Vampire Enchanter on Dec 19, 2017.
             Killed by nerve-wracking pain
             ... invoked by an orc priest
              (7 damage)
             ... on level 2 of the Dungeon.
             The game lasted 00:13:54 (2538 turns).

sithsevirus the Sneak (Vampire Enchanter)           Turns: 2538, Time: 00:13:55

Health: -5/30      AC:  3    Str:  7    XL:     4   Next: 66%
Magic:  3/7        EV: 13    Int: 17    God:
Gold:   144        SH:  0    Dex: 15    Spells: 4/7 levels left

rFire    . . .     SeeInvis +   a - +1 dagger
rCold    . . .     Gourm    .   (no shield)
rNeg     + . .     Faith    .   l - +0 robe (curse)
rPois    .         Spirit   .   (no helmet)
rElec    .         Reflect  .   (no cloak)
rCorr    .         Harm     .   o - +0 pair of gloves
MR       .....                  (no boots)
Stlth    +++.......             (no amulet)
HPRegen  0.30/turn              r - ring of positive energy
MPRegen  0.10/turn              (no ring)

@: regenerating quickly
A: fangs 3, see invisible, unbreathing
a: no special abilities


You were on level 2 of the Dungeon.
You were very full.

You visited 1 branch of the dungeon, and saw 3 of its levels.

You collected 144 gold pieces.

Inventory:

Hand Weapons
 a - a +1 dagger (weapon)
 d - a +0 hunting sling
Missiles
 e - 101 stones (quivered)
 h - 51 poisoned needles
Armour
 l - a cursed +0 robe (worn)
 o - a +0 pair of gloves (worn)
Jewellery
 r - a ring of positive energy (left hand)
Potions
 m - a potion of heal wounds {unknown}
 p - 6 potions of blood
 q - 2 potions of curing {unknown}
 s - a potion of agility
Books
 c - a book of Maledictions

   Spells                             Type                      Level
   a - Corona                         Hexes                        1
   b - Ensorcelled Hibernation        Hexes/Ice                    2
   c - Confuse                        Hexes                        3
   d - Tukima's Dance                 Hexes                        3
   e - Dazzling Spray                 Conjuration/Hexes            3


   Skills:
 * Level 3.2 Short Blades
 + Level 3.0 Dodging
 + Level 5.5 Stealth
 - Level 2.0 Spellcasting
 + Level 5.2 Hexes


You had 4 spell levels left.
You knew the following spells:

 Your Spells              Type           Power        Failure   Level  Hunger
a - Ensorcelled Hibernat  Hex/Ice        ##....       10%         2    ###....
b - Corona                Hex            ###....      2%          1    #......


Dungeon Overview and Level Annotations

Branches:
Dungeon (3/15)

Altars:


Innate Abilities, Weirdness & Mutations

Your natural rate of healing is unusually fast.
You have razor-sharp teeth.
You have supernaturally acute eyesight. (SInv)
You can survive without breathing.


Message History

The orc priest is unaffected.
The orc closely misses you. The orc hits you with a club.
* * * LOW HITPOINT WARNING * * *
The orc priest hits you with a hand axe.
* * * LOW HITPOINT WARNING * * *
The orc closely misses you.
There is a stone staircase leading up here.
The orc misses you. The orc completely misses you.
The orc priest closely misses you.
You climb upwards.
There is a stone staircase leading down here.
The orc barely misses you. The orc hits you with a whip.
* * * LOW HITPOINT WARNING * * *
You hit the orc priest. Your bite misses the orc priest.
The orc priest is severely wounded.
The orc closely misses you.
The orc priest mumbles some strange prayers to Beogh against you.
Pain shoots through your body!
You die...

#####†#### ##......<....## #
#........# #..#####....########
#.....<..# ###.######....##>.....
#........# #...##.....#.....#####
.........###.##...#####...###
.............##.###.....#.#
.........#..........#####.##
.#.......#.........#### #..### #
##...÷...#....oo@..)..####...## #
.#.......#...).o...##.........# #
##.#.#####.........##########.# #
...#.##...............# ### #
#....#..##.........##.### ######
..##...###.........##...## #.....
........##.........####..###.....
........##.........# ##.........
........############ #####.....


You could see an orc priest and 2 orcs.

Vanquished Creatures
  3 adders (D:2)
  An ooze (D:2)
  4 worms (D:2)
  2 dart slugs
  A leopard gecko (D:1)
  6 orcs
  A ball python (D:3)
  6 giant cockroaches
  5 goblins
  8 hobgoblins
  4 jackals (D:2)
  A quokka (D:2)
  5 bats
  3 frilled lizards (D:2)
  3 kobolds
  4 rats
57 creatures vanquished.

Notes
Turn   | Place    | Note
-------+----------+-------------------------------------------
     0 | D:1      | sithsevirus the Vampire Enchanter began the quest for the Orb.
     0 | D:1      | Reached XP level 1. HP: 13/13 MP: 3/3
   296 | D:1      | Reached XP level 2. HP: 19/19 MP: 5/5
   300 | D:1      | Learned a level 2 spell: Ensorcelled Hibernation
  1072 | D:2      | Reached XP level 3. HP: 20/24 MP: 6/6
  1157 | D:2      | Reached skill level 5 in Stealth
  1579 | D:2      | Reached skill level 5 in Hexes
  1663 | D:2      | Reached XP level 4. HP: 18/30 MP: 2/7
  2530 | D:3      | HP: 1/30 [orc priest/hand axe (1)]
  2537 | D:2      | HP: 1/30 [orc/whip (2)]
  2538 | D:2      | Killed from afar by an orc priest

Vault maps used:
D:1:      dpeg_arrival_pond, fountainhead
D:2:      minmay_hexomino_f4
D:3:      uniq_grinder

Skill      XL: |  1  2  3  4 |
---------------+-------------+-----
Short Blades   | 2 3 |  3.2
Stealth        | 5 |  5.5
Hexes          | 5 |  5.2
Dodging        | 3 |  3.0
Spellcasting   | |  2.0

Action                   |  1- 3 |  4- 6 || total
-------------------------+-------+-------++-------
Melee: Dagger            |   188 |   101 ||   289
       Bite              |    14 |     6 ||    20
Throw: Stone             |     4 |       ||     4
 Cast: Corona            |     1 |       ||     1
       Ensorcelled Hiber |    17 |     8 ||    25
  Use: Potion            |    15 |     5 ||    20
       Scroll            |       |     5 ||     5
 Stab: Sleeping          |    11 |     5 ||    16
Armor: Robe              |    32 |    35 ||    67
Dodge: Dodged            |   119 |    96 ||   215

Table legend:
 A = Spawn XP
 B = Non-spawn XP
 C = Spawn XP percentage of total XP
 D = Spawn monster count
 E = Non-spawn monster count
 F = Spawn count percentage of total count
 G = Total turns spent on level
                    A         B        C        D         E        F      G
               +---------+---------+-------+---------+---------+-------+---------
         Total |       0 |     163 |   0.0 |       0 |      57 |   0.0 |  2538
               +---------+---------+-------+---------+---------+-------+---------
           D:1 |       0 |      26 |   0.0 |       0 |      14 |   0.0 |   920
           D:2 |       0 |     132 |   0.0 |       0 |      41 |   0.0 |  1560
           D:3 |       0 |       5 |   0.0 |       0 |       2 |   0.0 |    58
               +---------+---------+-------+---------+---------+-------+---------
